 Dungeon Crawl Stone Soup version 0.31-a0-851-g7ff8af7976 (webtiles) character file.

Game seed: 9005268329877540763

1524 olourkin the Slicer (level 8, 0/58 HPs)
             Began as a Spriggan Warper on Oct 5, 2023.
             Succumbed to a water moccasin's poison
             ... on level 5 of the Dungeon.
             The game lasted 00:39:14 (5894 turns).

olourkin the Slicer (Spriggan Warper)               Turns: 5894, Time: 00:39:14

Health: 0/58       AC:  2    Str:  7    XL:     8   Next: 54%
Magic:  13/13      EV: 17    Int: 17    God:
Gold:   234        SH:  0    Dex: 14    Spells: 2/12 levels left

rFire   . . .        n - +2 dagger (venom)
rCold   . . .        (no shield)
rNeg    . . .        b - +0 robe
rPois   +            (helmet restricted)
rElec   .            (no cloak)
rCorr   .            (gloves unavailable)
SInv    +            (boots unavailable)
Will    +....        (no amulet) Stlth
                     j - ring of wizardry
HPRegen 0.29/turn    l - ring of poison resistance
MPRegen 0.13/turn

%: wizardry (x1)
@: berserking (expiring), lethally poisoned (0 -> -1), very quick
A: very small, no large weapons, unfitting armour, see invisible, speed 3
a: no special abilities


You were on level 5 of the Dungeon.
You visited 1 branch of the dungeon, and saw 6 of its levels.

You collected 234 gold pieces.

Inventory:

Hand Weapons
 a - a +0 short sword of flaming
 n - a +2 dagger of venom (weapon)
Missiles
 d - 6 darts of dispersal
 e - 38 stones (quivered)
Armour
 b - a +0 robe (worn)
 w - an orb of wrath
Jewellery
 f - a ring of willpower
 j - a ring of wizardry (left hand)
 l - a ring of poison resistance (right hand)
Wands
 s - a wand of iceblast (4)
 v - a wand of mindburst (3)
Scrolls
 c - a scroll of blinking
 g - a scroll of brand weapon
 h - 2 scrolls of identify {unknown}
 k - a scroll of immolation {unknown}
 o - a scroll of enchant armour {unknown}
 p - a scroll of noise {!r}
 q - a scroll of summoning {unknown}
 r - a scroll of revelation {unknown}
 u - 2 scrolls of teleportation
Potions
 t - a potion of lignification {unknown}


   Skills:
 + Level 2.6 Fighting
 * Level 8.9 Short Blades
 - Level 1.0 Throwing
 - Level 3.2 Dodging
 - Level 7.2 Stealth
 - Level 2.6 Spellcasting
 + Level 8.1 Translocations


You had 2 spell levels left.
You knew the following spells:

 Your Spells              Type           Power      Damage    Failure   Level
a - Magic Dart            Conj           8%         1d3       8%          1
b - Blink                 Tloc           60%        N/A       1%          2
u - Manifold Assault      Tloc           30%        N/A       2%          4
y - Teleport Other        Tloc           30%        N/A       1%          3

Your spell library contained the following spells:

 Spells                   Type           Power      Damage    Failure   Level
 Lesser Beckoning         Tloc           60%        N/A       1%          2
 Call Imp                 Summ           4%         N/A       11%         2
 Vhi's Electric Charge    Tloc/Air       32%        N/A       13%         4
 Mephitic Cloud           Conj/Pois/Air  2%         N/A       21%         3
 Ozocubu's Armour         Ice            2%         N/A       21%         3
 Simulacrum               Ice/Necr       1%         N/A       100%        6
 Ozocubu's Refrigeration  Ice            1%         4d7       100%        7
 Polar Vortex             Ice            1%         N/A       100%        9


Dungeon Overview and Level Annotations

Branches:
Dungeon (6/15)
 Temple: D:4-7

Altars:
Ashenzari
Cheibriados
Elyvilon
Gozag
Uskayaw
Vehumet


Innate Abilities, Weirdness & Mutations

You are very small and have problems with some larger weapons.
You are too small for most types of armour.
You have supernaturally acute eyesight. (SInv)
You cover ground extremely quickly. (Speed+++)


Message History

The water moccasin poisons you!
You hit the water moccasin.
You kill the water moccasin!
* * * LOW HITPOINT WARNING * * *
You feel very sick.
Your Translocations skill increases to level 8!
* * * LOW HITPOINT WARNING * * *
You feel sick.
Okay, then.
* * * LOW HITPOINT WARNING * * *
You feel sick.
An orc priest comes into view. It is wielding a +0 mace.
* * * LOW HITPOINT WARNING * * *
You feel sick.
* * * LOW HITPOINT WARNING * * *
You feel sick.
* * * LOW HITPOINT WARNING * * *
You feel sick.
There is a stone staircase leading up here.
* * * LOW HITPOINT WARNING * * *
You feel sick.
You climb upwards.
* * * LOW HITPOINT WARNING * * *
You feel sick.
There is a stone staircase leading down here.
Okay, then.
Okay, then.
There is a lethal amount of poison in your body!
It was a potion of magic.
Magic courses through your body.
* * * LOW HITPOINT WARNING * * *
You feel sick.
It was a potion of berserk rage.
A red film seems to cover your vision as you go berserk!
You feel yourself moving faster!
You feel mighty!
* * * LOW HITPOINT WARNING * * *
You feel sick.
There is a lethal amount of poison in your body!
You feel a strong urge to attack something.
You feel your anger nearly subside.
You die...

...#.# #.#........###.#
.....####.#.#.####.# #.#
.................#.# #)#
...#....#.#.#..#.#.###.#
.....##...#.#..#.#.##..#
.....)......####.#.##.##
###########......#.#..#####
..........................#
############.>..@..######†###
#.........'.......# #.....#
#.#########......## #.#.#.#
#.# ##.......## #+###'# #.#
#...####..# #.....#####
##.### #.#.# ##.###.♣♣♣.#....
.^.[.# #.#.# #..##.....#..#.
##.#.# #.### ##..'.._..'.##.
#.#.# ####..## ####.....####.


There were no monsters in sight!

Vanquished Creatures
  Grinder (D:4)
  Sigmund (D:4)
  2 water moccasins
  A black bear (D:6)
  A phantom (D:6)
  5 scorpions
  4 hounds
  A jelly (D:5)
  3 sleepcaps (D:5)
  2 orc wizards (D:3)
  Terence (D:3)
  3 gnolls (D:5)
  7 adders
  2 worms
  2 dart slugs (D:2)
  10 orcs
  5 ball pythons
  3 bats
  12 endoplasms
  A giant cockroach (D:2)
  9 goblins
  13 hobgoblins
  5 quokkas
  2 frilled lizards
  4 kobolds
  7 rats
107 creatures vanquished.

Notes
Turn   | Place    | Note
-------+----------+-------------------------------------------
     0 | D:1      | olourkin the Spriggan Warper began the quest for the Orb.
     0 | D:1      | Reached XP level 1. HP: 10/10 MP: 5/5
   422 | D:1      | Reached XP level 2. HP: 14/14 MP: 6/6
   465 | D:1      | Reached skill level 1 in Stealth
   956 | D:1      | Learned a level 2 spell: Blink
  1307 | D:1      | Learned a level 1 spell: Magic Dart
  1405 | D:2      | Found a snail-covered altar of Cheibriados.
  1497 | D:2      | Reached XP level 3. HP: 15/18 MP: 8/8
  1913 | D:2      | Reached XP level 4. HP: 22/22 MP: 9/9
  1932 | D:2      | Learned a level 3 spell: Teleport Other
  2359 | D:3      | Found a broken altar of Ashenzari.
  2374 | D:3      | Found a white marble altar of Elyvilon.
  2582 | D:3      | Identified the +3 battleaxe "Taurphipn" {vamp, Dex+6}
  2586 | D:3      | Noticed Terence
  2614 | D:3      | Killed Terence
  2615 | D:3      | Reached skill level 5 in Short Blades
  2615 | D:3      | Reached XP level 5. HP: 19/25 MP: 10/10
  3077 | D:4      | Noticed Grinder
  3504 | D:4      | Reached skill level 5 in Translocations
  3504 | D:4      | Reached XP level 6. HP: 30/30 MP: 11/11
  3509 | D:4      | Learned a level 4 spell: Manifold Assault
  3717 | D:4      | Noticed Sigmund
  3767 | D:4      | Reached skill level 5 in Stealth
  3889 | D:4      | Killed Sigmund
  4056 | D:4      | Killed Grinder
  4057 | D:4      | Reached XP level 7. HP: 25/33 MP: 8/12
  4366 | D:5      | Entered Level 5 of the Dungeon
  4578 | D:5      | Found a radiant altar of Vehumet.
  4789 | D:5      | Found an opulent altar of Gozag.
  4816 | D:5      | HP: 1/33 [water moccasin (6)]
  4829 | D:5      | Reached XP level 8. HP: 25/37 MP: 10/13
  5246 | D:5      | Found a hide-covered altar of Uskayaw.
  5890 | D:5      | HP: 1/39 [poisoned by a water moccasin]
  5894 | D:5      | Succumbed to a water moccasin's poison

Illustrated notes

Levels and vault maps discovered:
D:1:      ebering_trefoil_twist, layout_basic
D:2:      layout_loops_cross, basic_altar, kennysheep_decorative_pillar
D:3:      layout_rooms, nicolae_overflow_squiral, uniq_terence
D:4:      layout_loops_ring, minmay_unequal, uniq_sigmund, uniq_grinder
D:5:      layout_basic, nicolae_vehumet_radiance, mainiacjoe_overflow_boulevard,
          mainiacjoe_overflow_six_doors_small, st_stairs_5, glass_columns_b,
          minivault_1, serial_park_tiny_1
D:6:      minmay_recursive_quarters, layout_layer_cave

Skill      XL: |  1  2  3  4  5  6  7  8 |
---------------+-------------------------+-----
Short Blades   | 3 4 5 7 8 |  8.9
Stealth        | 2 3 4 6 7 |  7.2
Translocations | 5 6 7 8 |  8.1
Fighting       | 2 |  2.6
Throwing       | |  1.0
Dodging        | |  3.2
Spellcasting   | |  2.6

Action                     |  1- 3 |  4- 6 |  7- 9 || total
---------------------------+-------+-------+-------++-------
  Melee: Short sword       |    83 |       |       ||    83
         Dagger            |    53 |   124 |   155 ||   332
         Punch             |       |     2 |     2 ||     4
  Throw: Stone             |     7 |     2 |       ||     9
         Dart              |     1 |       |       ||     1
   Cast: Magic Dart        |       |     3 |       ||     3
         Manifold Assault  |       |     1 |     2 ||     3
         Teleport Other    |       |       |     1 ||     1
  Evoke: Wand              |       |     2 |     2 ||     4
    Use: Potion            |       |     2 |     4 ||     6
         Scroll            |       |     2 |     1 ||     3
   Stab: Sleeping          |     9 |     5 |     6 ||    20
         Distracted        |       |     2 |       ||     2
 Armour: Robe              |    25 |    28 |    31 ||    84
  Dodge: Dodged            |    79 |    68 |    77 ||   224

Table legend: (Time is in decaauts)
 A = Elapsed time spent in this place.
 B = Non-inter-level travel time spent in this place.
 C = Inter-level travel time spent in this place.
 D = Time resting spent in this place.
 E = Time spent auto-exploring this place.
 F = Levels seen in this place.
 G = Mean time per level.
                   A        B        C        D        E       F      G
               +--------+--------+--------+--------+--------+-----+--------+
         Total |   4247 |   4042 |    205 |   1257 |   1348 |   6 |  707.8 |
       Dungeon |   4247 |   4042 |    205 |   1257 |   1348 |   6 |  707.8 |
               +--------+--------+--------+--------+--------+-----+--------+

Top non-repeatable levels by time:
     D:2: 932 daAuts
     D:4: 877 daAuts
     D:5: 868 daAuts
     D:1: 713 daAuts
     D:3: 682 daAuts
     D:6: 173 daAuts
